 Dungeon Crawl Stone Soup version 0.27-a0-988-g25969acef8 (webtiles) character file.

Game seed: 12614240716160769142

91 tardwrangler69 the Digger (level 4, -4/33 HPs)
             Began as a Draconian Earth Elementalist on Apr 16, 2021.
             Killed by divine providence
             ... invoked by an orc priest
              (9 damage)
             ... on level 3 of the Dungeon.
             The game lasted 00:03:16 (4351 turns).

tardwrangler69 the Digger (DrEE)                    Turns: 4351, Time: 00:03:16

Health: -4/33      AC:  5    Str: 10    XL:     4   Next: 33%
Magic:  2/8        EV: 12    Int: 16    God:
Gold:   150        SH:  0    Dex: 12    Spells: 7/8 levels left

rFire    . . .     SeeInvis .   k - +0 whip
rCold    . . .     Faith    .   (no shield)
rNeg     . . .     Spirit   .   (armour unavailable)
rPois    .         Reflect  .   (helmet restricted)
rElec    .         Harm     .   (no cloak)
rCorr    .         Rampage  .   (no gloves)
Will     .....                  (no boots)
Stlth    ++........             (no amulet)
HPRegen  0.11/turn              (no ring)
MPRegen  0.11/turn              (no ring)

@: no status effects
A: AC +5, unfitting armour, cold-blooded
a: no special abilities


You were on level 3 of the Dungeon.
You visited 1 branch of the dungeon, and saw 4 of its levels.

You collected 150 gold pieces.

Inventory:

Hand Weapons
 k - a +0 whip (weapon)
Missiles
 b - 96 stones
 j - 3 atropa-tipped darts
Magical Staves
 g - a staff of poison
Scrolls
 d - 5 scrolls of teleportation {unknown}
 e - a scroll of enchant armour {unknown}
 h - a scroll of immolation {unknown}
 i - a scroll of noise {unknown}
 l - a scroll of fear {unknown}
 m - a scroll of magic mapping {unknown}
Potions
 a - a potion of curing {unknown}
 c - a potion of heal wounds {unknown}
 f - 2 potions of lignification {unknown}


   Skills:
 - Level 1.7 Dodging
 - Level 1.7 Stealth
 + Level 2.9 Spellcasting
 - Level 1.0 Transmutations
 * Level 4.6 Earth Magic


You had 7 spell levels left.
You knew the following spells:

 Your Spells              Type           Power      Damage    Failure   Level
a - Sandblast             Erth           34%        2d9       2%          1

Your spell library contained the following spells:

 Spells                   Type           Power      Damage    Failure   Level
 Passwall                 Tmut/Erth      9%         N/A       9%          2
 Stone Arrow              Conj/Erth      18%        3d8       22%         3
 Petrify                  Tmut/Erth      11%        N/A       52%         4
 Lee's Rapid Deconstruct  Erth           8%         3d8*      61%         5


Dungeon Overview and Level Annotations

Branches:
Dungeon (4/15)
 Temple: D:4-7

Altars:


Innate Abilities, Weirdness & Mutations

Your plain brown scales are hard. (AC +5)
You cannot fit into any form of body armour.
You are cold-blooded and may be slowed by cold attacks.


Message History

Casting: Sandblast (safe; 2% risk of failure)
Confirm with . or Enter, or press ? or * to list all spells.
Aiming: Sandblast (safe; 2% risk of failure)
Press: ? - help, Shift-Dir - straight line, f/p - orc priest
Aim: an orc priest, wielding a +0 hand axe and wearing a +0 scale mail (82% to hit)
The blast of sand hits the orc priest!
The orc priest is severely wounded.
The orc priest calls down the wrath of Beogh upon you.
Pain shoots through your body!
* * * LOW HITPOINT WARNING * * *
The orc hits you but does no damage. The orc hits you with a +0 hand axe.
* * * LOW HITPOINT WARNING * * *
Casting: Sandblast (safe; 2% risk of failure)
Confirm with . or Enter, or press ? or * to list all spells.
Aiming: Sandblast (safe; 2% risk of failure)
Press: ? - help, Shift-Dir - straight line, f/p - orc priest
Aim: an orc priest, wielding a +0 hand axe and wearing a +0 scale mail (severely wounded, 82% to hit)
The blast of sand hits the orc priest but does no damage.
The orc priest is severely wounded.
The orc priest barely misses you. The orc hits you but does no damage.
The orc closely misses you.
Casting: Sandblast (safe; 2% risk of failure)
Confirm with . or Enter, or press ? or * to list all spells.
Aiming: Sandblast (safe; 2% risk of failure)
Press: ? - help, Shift-Dir - straight line, f/p - orc priest
Aim: an orc priest, wielding a +0 hand axe and wearing a +0 scale mail (severely wounded, 82% to hit)
The blast of sand hits the orc priest but does no damage.
The orc priest is severely wounded.
The orc priest barely misses you. The orc barely misses you.
The orc closely misses you.
Casting: Sandblast (safe; 2% risk of failure)
Confirm with . or Enter, or press ? or * to list all spells.
Aiming: Sandblast (safe; 2% risk of failure)
Press: ? - help, Shift-Dir - straight line, f/p - orc priest
Aim: an orc priest, wielding a +0 hand axe and wearing a +0 scale mail (severely wounded, 82% to hit)
The blast of sand hits the orc priest but does no damage.
The orc priest is severely wounded.
The orc priest calls down the wrath of Beogh upon you.
Beogh smites you!
You die...

......# #.##### #.# ......#
#.### #########.# ......##
#.#.# #.........# .......#
#...#####.#########
.......######.#.........#
..........#.#.#.###.###.#
##'#.#.#....#.#.###.# #.#
##...#<...#.#.#o#...# #.#
...............o@.### #.#
######.##.#.#.#.#o# #.#
...##.......#.#.#.#####.#
...##..#.##.#.#.#.....#.#
...##..#....#.#.#####.#.#
...##..##...#.....#...#.#
...##..############.###.###
...##.....................#
######.############.###.#.#


You could see an orc priest and 2 orcs.

Vanquished Creatures
  4 adders
  2 orcs (D:3)
  A bat (D:1)
  5 endoplasms
  2 giant cockroaches
  7 goblins
  8 hobgoblins
  5 jackals (D:1)
  2 quokkas
  4 ball pythons (D:1)
  2 frilled lizards
  4 kobolds
  2 rats
48 creatures vanquished.

Notes
Turn   | Place    | Note
-------+----------+-------------------------------------------
     0 | D:1      | tardwrangler69 the Draconian Earth Elementalist began the
                  | quest for the Orb.
     0 | D:1      | Reached XP level 1. HP: 14/14 MP: 3/3
    56 | D:1      | Reached XP level 2. HP: 4/20 MP: 0/5
  1572 | D:2      | Reached skill level 4 in Earth Magic
  1572 | D:2      | Reached XP level 3. HP: 8/26 MP: 3/6
  2833 | D:3      | Reached XP level 4. HP: 8/33 MP: 4/8
  3216 | D:3      | Found a faded altar of an unknown god.
  4110 | D:4      | Noticed an ogre
  4351 | D:3      | Killed from afar by an orc priest

Illustrated notes

Levels and vault maps discovered:
D:1:      minmay_arrival_four_circles, layout_basic
D:2:      layout_loops_ring
D:3:      layout_basic, hellmonk_ecumenical_altar_arch_garden,
          kennysheep_cross_room, minivault_24, cheibrodos_gnoll_hut
D:4:      layout_basic, minmay_temple_entry_statues_pillars,
          gup_sewer_entry_bubbles

Skill      XL: |  1  2 |
---------------+-------+-----
Earth Magic    | 4 |  4.6
Dodging        | |  1.7
Stealth        | |  1.7
Spellcasting   | |  2.9
Transmutations | |  1.0

Action                   |  1- 3 |  4- 6 || total
-------------------------+-------+-------++-------
Melee: Dagger            |    73 |       ||    73
       Unarmed           |     7 |       ||     7
       Tailslap          |     6 |     4 ||    10
       Short sword       |    39 |       ||    39
       Whip              |    19 |    44 ||    63
 Cast: Sandblast         |    15 |    15 ||    30
 Stab: Sleeping          |     4 |       ||     4
Armor: Skin              |    47 |    17 ||    64
Dodge: Dodged            |   116 |    29 ||   145

Table legend: (Time is in decaauts)
 A = Elapsed time spent in this place.
 B = Non-inter-level travel time spent in this place.
 C = Inter-level travel time spent in this place.
 D = Time resting spent in this place.
 E = Time spent auto-exploring this place.
 F = Levels seen in this place.
 G = Mean time per level.
                   A        B        C        D        E       F      G
               +--------+--------+--------+--------+--------+-----+--------+
         Total |   4364 |   4169 |    195 |      0 |   3660 |   4 | 1091.0 |
       Dungeon |   4364 |   4169 |    195 |      0 |   3660 |   4 | 1091.0 |
               +--------+--------+--------+--------+--------+-----+--------+

Top non-repeatable levels by time:
     D:1: 1490 daAuts
     D:3: 1350 daAuts
     D:2: 1328 daAuts
     D:4: 194 daAuts
